Map: Frozen Temple

Players

FinnsoN - Winner!

  • Race: Terran Terran
  • League: Master

Solkanar

  • Race: Terran Terran
  • League: Master

VOD

Have the link to the VOD?

Description

Time

  • Played on: July 10, 2016, 12:12 p.m.
  • Length: 6:13
Show
View Real Time Build Order
Export as new Build Order

FinnsoN Terran - Winner!

Build Orders:  

Get SALT Encoding   

  12  0:00  SCV  
  13  0:12  SCV  
  14  0:18  Supply Depot  
  14  0:24  SCV  
  15  0:39  SCV  
  15  0:41  Barracks  
  16  0:45  Refinery  
  16  0:51  SCV  
  17  1:03  SCV  
  18  1:15  SCV  
  19  1:27  Barracks Reactor  
  19  1:28  Orbital Command  
  19  1:44  Barracks  
  19  1:45  Refinery, Barracks  
  19  1:55  SCV  
  19  1:56  Supply Depot  
  20  2:05  Reaper  
  20  2:07  SCV  
  20  2:08  Reaper  
  23  2:19  SCV  
  23  2:31  SCV  
  23  2:32  Reaper  
  23  2:35  Reaper  
  27  2:37  Reaper  
  25  2:47  Reaper  
  25  2:48  SCV  
  27  2:56  Supply Depot  
  27  3:00  SCV  
  27  3:04  Reaper  
  29  3:07  Reaper  
  29  3:12  SCV  
  31  3:30  Reaper  
  31  3:35  Supply Depot  
  31  3:36  Reaper  
  31  3:39  Reaper  
  31  3:40  SCV  
  34  3:55  Supply Depot  
  34  3:58  Barracks  
  35  4:02  Reaper  
  35  4:08  Reaper  
  36  4:12  Reaper  
  36  4:15  Command Center  
  37  4:24  Supply Depot  
  37  4:25  SCV  
  38  4:35  Reaper  
  38  4:40  Reaper  
  38  4:43  SCV  
  38  4:44  Reaper  
  41  4:46  Reaper  
  41  4:50  Supply Depot  
  42  4:55  SCV  
  43  5:04  Supply Depot  
  43  5:07  SCV, Reaper  
  44  5:12  Reaper  
  46  5:16  Reaper  
  47  5:22  Reaper  
  47  5:25  SCV  
  47  5:28  Orbital Command  
  49  5:35  Supply Depot  
  49  5:38  SCV  
  49  5:39  Reaper  
  51  5:55  SCV  
Show
View Real Time Build Order
Export as new Build Order

Solkanar Terran 

Build Orders:  

Get SALT Encoding   

  12  0:00  SCV  
  13  0:13  SCV  
  14  0:18  Supply Depot  
  14  0:25  SCV  
  15  0:43  Barracks  
  15  0:48  Refinery  
  15  0:57  Barracks  
  15  1:11  Refinery  
  15  1:32  Orbital Command, Barracks  
  15  1:40  Reaper  
  16  1:47  Reaper  
  17  2:04  SCV  
  18  2:12  Reaper  
  19  2:19  Reaper  
  19  2:20  Supply Depot  
  19  2:21  Reaper  
  21  2:44  Reaper  
  22  2:51  Reaper  
  22  2:53  Reaper  
  22  2:55  SCV  
  22  2:58  Bunker  
  25  3:01  Bunker  
  25  3:16  Reaper  
  26  3:24  Reaper  
  26  3:39  Reaper  
  27  3:48  Reaper  
  28  3:56  Reaper  
  29  4:06  SCV  
  30  4:11  Reaper  
  30  4:21  Reaper  
  31  4:38  SCV  
  31  4:50  Command Center  
  31  4:53  Reaper  
  31  4:56  Supply Depot  
  31  4:59  Supply Depot  
  31  5:18  SCV  
  31  5:30  SCV  
  31  5:34  Bunker  
  30  5:42  SCV  
  29  5:54  SCV  
  27  5:58  Factory  
  27  5:59  Factory  
Tags
 
Add a new tag
Caveats
  • Supply blocks, unpowered buildings, or Contaminate may cause inaccurate times.
  • Supply counts are checked every 10 seconds.